 Dungeon Crawl Stone Soup version 0.20-a0-792-g09bcfd3 (webtiles) character file.

367 krabocopter the Chopper (level 6, -9/79 HPs)
             Began as a Hill Orc Monk on Feb 28, 2017.
             Was a Believer of Okawaru.
             Killed by divine providence
             ... invoked by an orc priest
              (13 damage)
             ... on level 3 of the Dungeon.
             The game lasted 00:12:40 (3549 turns).

krabocopter the Chopper (Hill Orc Monk)             Turns: 3549, Time: 00:12:41

Health: -9/79      AC: 27    Str: 16    XL:     6   Next: 69%
Magic:  0/6        EV:  2    Int: 10    God:    Okawaru [**....]
Gold:   116        SH:  0    Dex: 16    Spells: 5/5 levels left

rFire    . . .     SeeInvis .   a - +0 hand axe
rCold    . . .     Gourm    .   (armour currently unavailable)
rNeg     + + +     Faith    .   (no shield)
rPois    +         Spirit   .   (helmet currently unavailable)
rElec    .         Reflect  .   (cloak currently unavailable)
rCorr    .         Harm     .   (gloves currently unavailable)
MR       .....     NoTele   +   (boots currently unavailable)
Stlth    ++........             e - amulet of rage
Regen    0.3/turn               w - +4 ring of protection
MPRegen  0.1/turn               l - +3 ring of dexterity

@: tree-form
A: no striking features
a: Heroism, Renounce Religion, Convert to Beogh, Evoke Berserk Rage


You were on level 3 of the Dungeon.
You worshipped Okawaru.
Okawaru was pleased with you.
You were not hungry.
You were a tree.
You visited 1 branch of the dungeon, and saw 3 of its levels.
You also visited: Sewer.

You collected 116 gold pieces.

Inventory:

Hand Weapons
 a - a +0 hand axe (weapon)
Armour
 j - a +0 scale mail
 A - the +0 plate armour "Roplenah" (melded) {rElec rC+ Regen+ MP-9}
   (You found it in a sewer)

   It protects you from cold.
   It insulates you from electricity.
   It affects your magic capacity (-9).
   It increases your rate of regeneration.
Jewellery
 e - an amulet of rage (around neck)
 l - a +3 ring of dexterity (left branch)
 w - a +4 ring of protection (right branch)
Scrolls
 i - 2 scrolls of teleportation
 p - 2 scrolls of identify
 y - a scroll of immolation {unknown}
Potions
 g - a potion of agility {unknown}
 h - a potion of curing
 q - a potion of lignification
 s - a potion of magic {unknown}
 t - a potion of resistance {unknown}
Books
 m - a book of Cantrips

   Spells                             Type                      Level
   a - Confusing Touch                Hexes                        1
   b - Animate Skeleton               Necromancy                   1
   c - Summon Small Mammal            Summoning                    1
   d - Apportation                    Translocation                1
Comestibles
 c - 4 bread rations
 d - 2 fruits
 r - a meat ration
 v - 4 chunks of flesh


   Skills:
 - Level 4.4 Fighting
 * Level 7.8 Axes
 + Level 2.5 Armour
 - Level 3.1 Dodging
 - Level 1.5 Stealth


You had 5 spell levels left.
You didn't know any spells.

Dungeon Overview and Level Annotations

Branches:
Dungeon (3/15)

Altars:
Fedhas
Hepliaklqana
Makhleb
Okawaru
Ru
Uskayaw
Vehumet
Xom
Zin


Message History

The orc wizard hits you but does no damage.
The hound bites you.
* * * LOW HITPOINT WARNING * * *
You take 2 damage, and have 9/53 hp.
You hit the hound but do no damage. You closely miss the orc wizard.
The orc wizard hits you but does no damage.
The hound barely misses you.
The orc priest hits you from afar with a trident.
* * * LOW HITPOINT WARNING * * *
You take 6 damage, and have 3/53 hp.
Unknown command.
It was a potion of lignification.
You turn into a tree.
The +0 plate armour "Roplenah" {rElec rC+ Regen+ MP-9} melds into your body.
Your roots penetrate the ground.
The orc wizard hits you but does no damage.
The hound bites you but does no damage.
The orc wizard hits you but does no damage.
The orc priest calls down the wrath of Beogh upon you.
Beogh smites you!
You die...

.# #.# ##(#..### #.
⌠.# #.⌠ ##(⌠.#..##
..
#.#.#.###[#.#..['.
.# ##.#
#.#[####...#.
.##.⌠.###.⌠.##......
.##.#.#.#.##.......
.o.#.....#.........
#o)......(....).#+
#♣h.....##.######
#.......##.#
#.......##.#
#.......##.#
#.......##.#
#.......##.##
#####...##..#
#.....#.##
#.....#..#


You could see a hound, an orc priest and an orc wizard.

Vanquished Creatures
  2 bullfrogs (Sewer)
  An orc wizard (D:3)
  A hound (D:3)
  Ijyb (D:3)
  6 adders
  3 worms
  A dart slug (D:1)
  4 leopard geckos
  6 orcs (D:3)
  9 giant cockroaches
  6 goblins
  7 hobgoblins
  A quokka (D:2)
  3 ball pythons (Sewer)
  8 bats
  11 frilled lizards
  9 kobolds
  12 rats
91 creatures vanquished.

Notes
Turn   | Place    | Note
-------+----------+-------------------------------------------
     0 | D:1      | krabocopter the Hill Orc Monk began the quest for the Orb.
     0 | D:1      | Reached XP level 1. HP: 19/19 MP: 1/1
   336 | D:1      | Reached XP level 2. HP: 27/27 MP: 2/2
   991 | D:1      | Reached skill level 5 in Axes
   991 | D:1      | Reached XP level 3. HP: 24/33 MP: 3/3
  1593 | D:2      | Found a glowing silver altar of Zin.
  1597 | D:2      | Found a burning altar of Makhleb.
  1597 | D:2      | Found an iron altar of Okawaru.
  1599 | D:2      | Found a hide-covered altar of Uskayaw.
  1599 | D:2      | Found a hazy altar of Hepliaklqana.
  1620 | D:2      | Found a shimmering altar of Xom.
  1620 | D:2      | Found a radiant altar of Vehumet.
  1621 | D:2      | Found a blossoming altar of Fedhas.
  1727 | D:2      | Became a worshipper of Warmaster Okawaru
  1727 | D:2      | Reached * piety under Okawaru
  1727 | D:2      | Reached ** piety under Okawaru
  2045 | D:2      | Reached XP level 4. HP: 19/41 MP: 4/4
  2415 | D:2      | Found a sacrificial altar of Ru.
  2774 | D:3      | Noticed Ijyb
  2794 | D:3      | Killed Ijyb
  2794 | D:3      | Reached skill level 6 in Axes
  2794 | D:3      | Reached skill level 1 in Armour
  2801 | D:3      | Found a faded altar of an unknown god.
  2871 | D:3      | Reached XP level 5. HP: 47/47 MP: 5/5
  3092 | D:3      | Found a glowing drain.
  3096 | Sewer    | Entered a sewer
  3239 | Sewer    | Reached skill level 7 in Axes
  3368 | Sewer    | Reached XP level 6. HP: 39/53 MP: 6/6
  3384 | Sewer    | Got a smoking plate armour
  3454 | D:3      | Identified the +0 plate armour "Roplenah" {rElec rC+ Regen+ MP-9} (You found it in a sewer)
  3549 | D:3      | Killed from afar by an orc priest

Vault maps used:
D:1:      dpeg_arrival_yet_another_circle
D:2:      marbit_many_paths, grunt_temple_overflow_open, first_bread
D:3:      lemuel_blue_sif_altar, gup_sewer_entry_spiral,
          chequers_ecumenical_altar_simple_redux, grunt_decor_mini_mirrors,
          uniq_iyjb
Sewer:    sewer_frog_island_01

Skill      XL: |  1  2  3  4  5 |
---------------+----------------+-----
Fighting       | 4 |  4.4
Axes           | 5 6 7 |  7.8
Armour         | 1 2 |  2.5
Dodging        | 3 |  3.1
Stealth        | |  1.5

Action                   |  1- 3 |  4- 6 || total
-------------------------+-------+-------++-------
Melee: Hand axe          |   147 |   217 ||   364
Invok: Heroism           |       |     1 ||     1
  Use: Scroll            |       |     7 ||     7
       Potion            |       |     1 ||     1
 Stab: Sleeping          |     6 |       ||     6
  Eat: Chunk             |     4 |     4 ||     8
       Fruit             |       |     1 ||     1
Armor: Robe              |    16 |     1 ||    17
       Scale mail        |       |    18 ||    18
       Chain mail        |       |    77 ||    77
       Plate armour      |       |    28 ||    28
       Skin              |       |     2 ||     2
Dodge: Dodged            |    94 |   105 ||   199
